 Dungeon Crawl Stone Soup version 0.17.1-3-g152610e (webtiles) character file.

79 imbaray the Insei (level 4, -1/24 HPs)
             Began as a Vine Stalker Monk on Mar 28, 2016.
             Succumbed to a water moccasin's poison
             ... on level 3 of the Dungeon.
             The game lasted 00:11:12 (1940 turns).

imbaray the Insei (Vine Stalker Monk)               Turns: 1940, Time: 00:11:12

Health: -1/24      AC:  3    Str: 14    XL:     4   Next: 38%
Magic:  1/5        EV: 14    Int: 10    God:
Gold:   70         SH:  0    Dex: 19    Spells: 0 memorised, 3 levels left

rFire  . . .     SeeInvis .       - Unarmed
rCold  . . .     Clarity  .     a - +0 robe
rNeg   . . .     SustAt   .     (no shield)
rPois  .         Gourm    .     (no helmet)
rElec  .         Spirit   +     (no cloak)
rCorr  .         Warding  .     (no gloves)
rMut   .         Stasis   .     g - +0 pair of boots
MR     .....                    c - amulet of faith
Stlth  +++.......               (no ring)
                                e - +2 ring of dexterity

@: lethally poisoned (-1 -> -16), about to teleport, not resistant to hostile
enchantments, fairly stealthy
A: fangs 2, regeneration 1, magic shield, antimagic bite, no device heal 3, rot
immunity
a: no special abilities


You were on level 3 of the Dungeon.
You were not hungry.

You visited 1 branch of the dungeon, and saw 3 of its levels.

You collected 70 gold pieces.

Inventory:

Armour
 a - a +0 robe (worn)
 g - a +0 pair of boots (worn)
 m - a +0 ring mail
Jewellery
 c - an amulet of faith (around neck)
 e - a +2 ring of dexterity (left hand)
Scrolls
 k - a scroll of recharging {unknown}
 p - a scroll of remove curse
Potions
 d - a potion of brilliance {unknown}
 h - 2 potions of curing {unknown}
 j - a potion of mutation {unknown}
 n - a potion of flight {unknown}
Comestibles
 b - 3 bread rations
 l - a meat ration


   Skills:
 + Level 3.1 Fighting
 + Level 2.8 Dodging
 + Level 3.8 Stealth
 + Level 4.6 Unarmed Combat


You had 3 spell levels left.
You didn't know any spells.

Dungeon Overview and Level Annotations

Branches:
Dungeon (3/15)

Altars:
Elyvilon


Innate Abilities, Weirdness & Mutations

You have extremely sharp teeth.
Your natural rate of healing is unusually fast.
When hurt, damage is shared between your health and your magic reserves.
Your bite disrupts and absorbs the magic of your enemies.
Potions and wands cannot restore your health.
You are immune to rotting.


Message History

You drain its power.
You feel invigorated.
The water moccasin is moderately wounded.
You feel sick. The orc priest barely misses you.
The water moccasin bites you but does no damage.
The goblin closely misses you.
You miss the water moccasin. You punch the water moccasin.
The water moccasin is moderately wounded.
You feel sick. The water moccasin misses you.
The orc priest mumbles some strange prayers to Beogh against you.
Something smites you!
* * * LOW HITPOINT WARNING * * *
The goblin hits you but does no damage. The water moccasin bites you.
* * * LOW HITPOINT WARNING * * *
Read which item? (? for menu, Esc to quit)
As you read the scroll labeled RYWAST HUXIXUQ, it crumbles to dust.
You feel strangely unstable.
It was a scroll of teleportation.
* * * LOW HITPOINT WARNING * * *
You feel sick. The orc priest closely misses you.
The water moccasin closely misses you.
You die...

#..##.#..###.
##..#..#.#...########
...#.##.............
#.....#.##.########.
####..(..#.##.# #.
..(........##h# #.
#...g...##o# #.
#....S...#.# #.
##.@o.#....# #.
#....##.### #.
#.#.###h# #. #.#.#
#.# #. #.#.# #.# #.
#.#)# #.# #. ..#.#
#.# #. ###.###.## #.
#.##...## #.


You could see a water moccasin, an orc priest and a goblin.

Vanquished Creatures
  3 adders (D:2)
  An ooze (D:3)
  A worm (D:2)
  2 orcs (D:3)
  7 goblins
  3 hobgoblins
  6 jackals
  5 kobolds
  A ball python (D:2)
  5 bats
  A giant cockroach (D:2)
  A giant newt (D:1)
  A quokka (D:3)
  6 rats
43 creatures vanquished.

Notes
Turn   | Place    | Note
--------------------------------------------------------------
     0 | D:1      | imbaray the Vine Stalker Monk began the quest for the Orb.
     0 | D:1      | Reached XP level 1. HP: 11/11 MP: 2/2
   184 | D:1      | Reached XP level 2. HP: 16/16 MP: 3/3
   823 | D:2      | Reached XP level 3. HP: 16/19 MP: 4/4
  1220 | D:2      | Reached XP level 4. HP: 18/24 MP: 5/5
  1738 | D:3      | Found a white marble altar of Elyvilon.
  1773 | D:3      | Noticed a water moccasin
  1817 | D:3      | HP: 1/24 [water moccasin (1)]
  1939 | D:3      | HP: 1/24 [poisoned by a water moccasin]
  1940 | D:3      | Succumbed to a water moccasin's poison

Action                   |  1- 3 |  4- 6 || total
-------------------------+-------+-------++-------
Melee: Unarmed           |    92 |    50 ||   142
  Use: Scroll            |     2 |     2 ||     4
 Stab: Sleeping          |     4 |     3 ||     7
       Distracted        |     1 |       ||     1
  Eat: Chunk             |     1 |     1 ||     2
       Pizza             |       |     1 ||     1
